Workbook

Sheet Hoja1
B2: Plan Operativo Estrategia Nacional de Metrología INDOCAL, 2027-2032
A4: Visión: “Consolidar y posicionar al INDOCAL como una entidad de excelencia de la infraestructura nacional de metrología, reconocida por su liderazgo técnico y capacidad de innovación, impulsando la competitividad, el desarrollo sostenible y la calidad de vida de los dominicanos”.
A5: Alineación Estratégica | G5: Programación | O5: Seguimiento Avance
A6: Eje Plan Estratégico Institucional (PEI) INDOCAL | B6: Elemento Estratégico ENM INDOCAL | C6: Objetivo Elemento Estratégico ENM INDOCAL | D6: Hito | E6: Actividad | F6: Producto / Entregable | G6: 2027 | H6: 2028 | I6: 2029 | J6: 2030 | K6: 2031 | L6: 2032 | M6: Área Responsable | N6: Proceso Asociado | O6: 2027 | P6: 2028 | Q6: 2029 | R6: 2030 | S6: 2031 | T6: 2032
B7: 1. Fortalecimiento institucional | C7: “Fortalecer los procesos institucionales de INDOCAL para consolidar una infraestructura metrológica confiable, reconocida, eficiente y sostenible, asegurando la continuidad de la gestión y contribuyendo a la innovación, la competitividad y el bienestar social de la República Dominicana”. | D7: 1.1 Esquema de incentivos implementado que motiva la integración, continuidad y sentido de pertenencia del personal de la Dirección de Metrología. | E7: 1.1.1 Consolidar el ambiente laboral y conservación de talentos | M7: DGE DM DRH
E8: 1.1.1.1 Crear comité para la elaboración y justificación para la creación de la carrera administrativa especial para la profesionalización de metrólogos. | F8: Propuesta documentada para la creación de la carrera administrativa especial para la profesionalización de metrólogos. | G8: 1
E9: 1.1.1.2 Enviar propuesta al CODOCA para su conocimiento y remisión al MAP. | F9: Acuse de recibo del CODOCA | G9: 1
E10: 1.1.1.3 Seguimiento de la aprobación de la propuesta al MAP. | F10: Carta de remisión del CODOCA al MAP y respuesta del MAP. | H10: 1
E11: 1.1.1.4 Crear un comité para la elaboración de un esquema de incentivos para los colaboradores del INDOCAL. | F11: Comunicación de la Dirección General para la creación del comité. | G11: 1
E12: 1.1.1.5 Socializar la propuesta y someterla a evaluación presupuestaria y luego a su aprobación de la Dirección General. | F12: Propuesta de esquema de incentivos aprobada. | H12: 1
D13: 1.2 El INDOCAL reconocido como organización metrológica con vocación de innovación y desarrollo tecnológico. | E13: 1.2.1 Posicionar el INDOCAL en el sistema de ciencias, tecnología e innovación | M13: DGE DM
E14: 1.2.1.1 Realizar 10 actividades de difusión, que incluyan: charlas, conferencias y simposios sobre aspectos especializados de la metrología y proyectos de la Dirección de Metrología. | F14: Memoria (informe) documentada de la actividad. | G14: 1 | H14: 1 | I14: 2 | J14: 2 | K14: 2 | L14: 2
E15: 1.2.1.2 Implementar en tres (3) procesos del sistema de gestión de la Dirección de Metrología del INDOCAL apoyado con agentes de IA para reducir la elaboración de los procesos en menos del 80%. | F15: Informe que demuestre la reducción del tiempo. | H15: 1 | I15: 2
E16: 1.2.1.3 Automatizar la gestión de los siguientes procesos: cotización, pagos electrónicos, recepción y entrega de equipos, y emisión de certificados de calibración. | F16: Informe de procesos automatizados que evidencien la reducción de tiempo y mejora de la experiencia del usuario. | G16: 2 | H16: 2
D17: 1.3 Capacidades del INDOCAL fortalecidas para la identificación, gestión y movilización de recursos provenientes de cooperación y otras fuentes externas, orientados a apoyar los planes de desarrollo de la Dirección de Metrología. | E17: 1.3.1 Procurar recursos para proyectos | M17: DPD
E18: 1.3.1.1 Contratar (2) personal para completar posiciones vacantes, 1 especialista en cooperación internacional y 1 personal de apoyo para la Dirección de Planificación y Desarrollo. | F18: 2 colaboradores contratados. | G18: 1 | H18: 1
E19: 1.3.1.2 Identificar y gestionar tres fondos de inversión internacionales | F19: Captación de 3 fondos de inversiones que apoyen a la metrología. | H19: 1 | J19: 1 | L19: 1
D20: 1.4 Capacidades del INDOCAL fortalecidas para la formulación de proyectos de inversión pública que apoyen los planes de desarrollo de la Dirección de Metrología. | E20: 1.4.1 Contratar (2) personas para completar posiciones vacantes, 1 encargado en formulación de evaluación de inversión pública y 1 especialista para la Dirección de Planificación y Desarrollo. | F20: 2 colaboradores contratados. | G20: 2 | M20: DRH DPD
E21: 1.4.2 Formular dos proyectos de inversión internacionales. | F21: 2 proyectos de inversión pública formulados. | I21: 1 | K21: 1 | M21: DPD DM
D22: 1.5 Proyecto de ampliación elaborado para la nueva sede de los laboratorios de metrología. | E22: 1.5.1 Identificar, alquilar y adecuar inmueble adicional para ampliar las áreas de los laboratorios. | F22: Laboratorio nacional de peritaje de medidores de energía eléctrica funcionando en nueva sede. | H22: 1 | M22: DGE DAD DFI DM
E23: 1.5.2 Identificar y evaluar terreno o inmueble del Estado para futuro edificio de los laboratorios. | F23: Informe de evaluación. | G23: 1 | H23: 2 | M23: DM
E24: 1.5.3 Formular proyecto de inversión para la construcción o remodelación y adecuación de inmueble para nueva sede de laboratorios nacionales de metrología. | F24: Proyecto documentado. | I24: 0.5 | J24: 0.5 | M24: DPD DM
E25: 1.5.4 Gestionar fondos de inversión pública, privada o de donadores internacionales para elaboración de proyecto. | F25: Contrato firmado. | K25: 1 | M25: DGE DPD
E26: 1.5.5 Ejecución del proyecto | F26: Informe de avance de la ejecución del proyecto. | L26: 0.25 | M26: DPD DM
B28: 2. Fortalecimiento de las capacidades metrológicas | C28: “Consolidar las capacidades metrológicas nacionales con reconocimiento internacional para garantizar servicios confiables que fortalezcan la Infraestructura Nacional de la Calidad e impulsen la competitividad de los sectores productivos, la innovación, el desarrollo tecnológico, el comercio justo, la salud, la seguridad y la sostenibilidad ambiental”. | D28: 2.1 Proceso implementado para la selección, formación y evaluación continua del personal técnico de la Dirección de Metrología del INDOCAL. | E28: 2.1.1 Diseñar programas de pasantías en los laboratorios de la Dirección de Metrología para ser incluidas en el programa de pasantías institucionales del MAP a fin de identificar talentos y crear un registro de potenciales colaboradores. | F28: Programa de pasantías informado al MAP. | G28: 1 | H28: 1 | I28: 1 | J28: 1 | K28: 1 | L28: 1 | M28: DM DRH
E29: 2.1.2 Diseñar e implementar una herramienta de evaluación documentada para el personal de nuevo ingreso que evalúe competencias técnicas. | F29: Herramienta de evaluación documentada y registro de implementación. | G29: 1 | M29: DM DRH
E30: 2.1.3 Identificar y documentar necesidad de formación general y específica por magnitud para los colaboradores de la Dirección de Metrología. | F30: Plan de formación para cada personal. | H30: 1 | M30: DM DRH
E31: 2.1.4 Diseñar e implementar herramientas de evaluación y mecanismos de promoción del personal de la Dirección de Metrología. | F31: Herramienta de evaluación documentada y registro de implementación. | H31: 1 | M31: DM DRH
D32: 2.2 ISO/IEC 17043 integrada e implementada al 100% en el sistema de gestión de la Dirección de Metrología. | E32: 2.2.1 Contratar curso ISO/IEC 17043 para el personal de la Dirección de Metrología. | F32: Registro de asistencia | G32: 1 | M32: DAD DM DRH
E33: 2.2.2 Elaborar un balance y plan de acción para implementar ISO/IEC 17043 en la Dirección de Metrología. | F33: Informe de auditoría | H33: 1 | M33: DM
E34: 2.2.3 Evaluación par en el marco del QSTF-SIM | F34: Informe de evaluación par. | I34: 1 | M34: DM
D35: 2.3 Nuevos servicios de metrología (legal e industrial) desarrollados e implementados que aporten a la competitividad de la industria y protección del consumidor. | E35: 2.3.1 Realizar diagnóstico de necesidades metrológicas por sectores priorizados, en al menos 5 sectores. | F35: Informe de diagnóstico | H35: 1 | I35: 1 | J35: 1 | K35: 1 | L35: 1 | M35: DM
E36: 2.3.2 Desarrollar 8 nuevos servicios de metrología industrial y legal. | F36: Oferta de servicios publicados | H36: 1 | I36: 1 | J36: 2 | K36: 2 | L36: 2 | M36: DM
D37: 2.4 Patrones nacionales desarrollados para proporcionar trazabilidad que atienda necesidades en la industria. | E37: 2.4.1 Identificar necesidades y factibilidad de desarrollo de patrones o sistemas de medición. (Ejemplo: Sistema de verificación de esfigmomanómetros digitales, conversión del banco de medidores de flujo a sistema gravimétrico, sistema de verificación de estaciones de carga EV, calibración de medidores de curvas I-V, sistema automatizado para calibración de piranómetros con lámpara.) | F37: Informe de factibilidad | H37: 1 | J37: 1 | M37: DM
E38: 2.4.2 Desarrollo y caracterización de patrones de medidas o sistemas de medición. | F38: Informe técnico de caracterización | H38: 1 | J38: 1 | L38: 1 | M38: DM DAD DAF
D39: 2.5 Capacidades de Medición y Calibración (CMC) del INDOCAL reconocidas en base de datos del CIPM-MRA para magnitudes desarrolladas que cuentan con acreditación. | E39: 2.5.1 Calibración de patrones con INM reconocidos. | F39: Certificado de calibración | H39: 2 | I39: 2 | J39: 2 | K39: 2 | L39: 2 | M39: DM DAD DFI
E40: 2.5.2 Participar en intercomparaciones suplementarias organizadas por el SIM para las magnitudes de masa, electricidad, temperatura, tiempo y frecuencia y energía eléctrica. | F40: Informe de comparación | H40: 1 | I40: 1 | J40: 1 | K40: 1 | L40: 1 | M40: DM DAD DAF
E41: 2.5.3 Solicitar evaluación par e implementación de plan de acción | F41: Informe de Evaluación | I41: 1 | J41: 2 | K41: 2 | L41: 1 | M41: DM DAD DFI
E42: 2.5.4 Presentar solicitud de aprobación del QSTF y cargar las evidencias al drive QSTF. | F42: Correo de solicitud y evidencia cargada | I42: 1 | M42: DGE DM
E43: 2.5.5 Presentar el sistema de gestión ante el QSTF | F43: Certificado de aprobación del sistema de gestión. | J43: 1 | M43: DM DAD DFI
E44: 2.5.6 Gestionar la publicación de CMC ante el BIPM para ser incorporado en la base de datos del BIPM. | F44: 3 laboratorios con CMC publicada en base de datos KCDB. | K44: 1 | L44: 2 | M44: DM
B46: 3. Articulación con las partes interesadas (stakeholders) | C46: “Fortalecer la articulación estratégica colaborativa entre el INDOCAL como el Instituto Nacional de Metrología y las partes interesadas para generar soluciones de alto valor que respondan de manera eficaz a las necesidades y prioridades metrológicas nacionales”. | D46: 3.1 Atención sistematizada a la industria y centros de emprendimiento e innovación, para generar soluciones de alto valor a sus necesidades. | E46: 3.1.1 Solicitar asistencia técnica a INM de tres países de la región para diseñar y estructurar herramientas de diagnóstico. | F46: Informes de intercambio | G46: 1 | H46: 2 | M46: DM DAD DFI
E47: 3.1.2 Diseñar una herramienta de diagnóstico estructurada. | F47: Herramienta de diagnóstico | H47: 0.5 | I47: 0.5 | M47: DM
E48: 3.1.3 Implementar herramienta de diagnóstico en 5 industrias o centros de emprendimiento. | F48: Informe de diagnóstico a industrias y centros de emprendimiento por sectores. | J48: 1 | K48: 2 | L48: 2 | M48: DM
D49: 3.2 Metrología articulada en programas, planes y políticas sectoriales de las organizaciones públicas, como herramienta para atender necesidades sectoriales y contribuir al cumplimiento de sus objetivos de desarrollo. | E49: 3.2.1 Identificar, contactar y presentar el impacto de la metrología a 12 entidades responsables de formular programas, planes y políticas públicas sectoriales. | F49: Lista de asistencia e informe de actividad. | G49: 2 | H49: 2 | I49: 2 | J49: 2 | K49: 2 | L49: 2 | M49: DM
E50: 3.2.2 Participar en las reuniones de trabajo para la formulación de programas, planes y políticas públicas. | F50: Lista de asistencia o programas, planes y políticas públicas que incorporan consideraciones metrológicas. | H50: 1 | J50: 1 | L50: 1 | M50: DM
D51: 3.3 Plan de articulación implementado con los laboratorios de calibración para el fortalecimiento de sus capacidades técnicas, la mejora de la calidad de sus servicios, el intercambio de conocimientos y la consolidación de la trazabilidad metrológica nacional. | E51: 3.3.1 Organizar mesas de trabajo para identificar necesidades para el fortalecimiento de los laboratorios de calibración | F51: Minutas de reuniones | G51: 1 | I51: 2 | K51: 2 | M51: DM LC
E52: 3.3.2 Diseñar e implementar programas anuales de asistencia técnica para los laboratorios de calibración | F52: Programa de asistencia técnica | G52: 1 | I52: 1 | K52: 1 | M52: DM LC
E53: 3.3.3 Diseñar e implementar un instrumento de evaluación del impacto del programa de asistencia técnica. | F53: Informe de impacto y mejora continua | H53: 1 | J53: 1 | L53: 1 | M53: DM DPD
D54: 3.4 Procesos de elaboración, revisión y actualización de reglamentos técnicos y normas que involucren fundamentos, requisitos o conocimientos metrológicos, fortalecidos en armonía con las buenas prácticas internacionales y en respuesta a las necesidades y prioridades de los sectores | E54: 3.4.1 Revisar y actualizar 5 RTM. | F54: Resolución del CODOCA | H54: 1 | I54: 1 | J54: 1 | K54: 1 | L54: 1 | M54: DM
E55: 3.4.2 Elaborar 3 nuevos RTM. | F55: Resolución del CODOCA | H55: 1 | J55: 1 | L55: 1 | M55: DM
E56: 3.4.3 Participación en los comités técnicos de normalización y de evaluación de la conformidad del INDOCAL relacionados con la metrología. | F56: Minutas de reuniones | G56: 1 | H56: 1 | I56: 1 | J56: 1 | K56: 1 | M56: DM DNO
E57: 3.4.4 Participar en las mesas de trabajo que soliciten las instituciones reguladoras que incluyen componentes metrológicos en la formulación de sus reglamentos. | F57: Reglamentos técnicos publicados con componentes de metrología. | H57: 1 | J57: 1 | L57: 1 | M57: DM
D58: 3.5 Convenio implementado entre el ODAC y el INDOCAL para fortalecer el sistema de acreditación de organismos de evaluación de la conformidad. | E58: 3.5.1 Conformar mesas de trabajo para identificar oportunidades de fortalecimiento interinstitucionales. | F58: Minutas de reuniones | G58: 2 | H58: 2 | I58: 1 | J58: 1 | K58: 1 | L58: 1 | M58: DM
E59: 3.5.2 Elaborar planes de trabajo ODAC/INDOCAL | F59: Planes de trabajo | G59: 1 | H59: 1 | I59: 1 | J59: 1 | K59: 1 | L59: 1 | M59: DM ODAC
B61: 4. Promoción de la cultura metrológica | C61: “Promover la cultura metrológica para fortalecer el reconocimiento, la comprensión y la valoración de la metrología como un pilar del desarrollo nacional”. | D61: 4.1 Fundamentos de metrología reconocidos, comprendidos y valorados por el personal del INDOCAL para la mejora de los procesos de la institución. | E61: 4.1.1 Diseñar e implementar talleres para la Dirección General, directores y encargados del INDOCAL. | F61: Lista de asistencia | G61: 1 | M61: DM
E62: 4.1.2 Diseñar e implementar talleres orientados al personal que labora en las direcciones técnicas del INDOCAL. | F62: Lista de asistencia y evaluaciones | H62: 2 | M62: DM
E63: 4.1.3 Diseñar e implementar talleres orientados al personal que labora en las áreas de apoyo del INDOCAL (legal, administrativo, financiero, RRHH, planificación y desarrollo, comunicación, servicio al cliente, TIC). | F63: Lista de asistencia y evaluaciones | H63: 1 | I63: 1 | J63: 1 | K63: 1 | L63: 1 | M63: DM
E64: 4.1.4 Diseñar e implementar talleres orientados al personal que labora en las áreas de servicio del INDOCAL (servicio general, correspondencia y archivo, otros). | F64: Lista de asistencia y evaluaciones | H64: 1 | I64: 1 | J64: 1 | K64: 1 | L64: 1 | M64: DM
D65: 4.2 Plan de comunicación implementado para la difusión del impacto de la metrología, su comprensión y valoración, orientado a distintos sectores (salud, ambiente, energía, seguridad, defensa, comercio, etc.) y público en general | E65: 4.2.1 Diseñar e implementar talleres de difusión del impacto de la metrología en sectores específicos | F65: Lista de asistencia por sectores. | H65: 1 | I65: 1 | J65: 1 | K65: 1 | L65: 1 | M65: DCO DM
E66: 4.2.2 Participar en entrevistas tipo podcast para exponer temas de actualidad a través de las plataformas digitales del INDOCAL. | F66: Podcast publicados | G66: 1 | H66: 1 | I66: 1 | J66: 1 | K66: 1 | L66: 1 | M66: DCO DM
D67: 4.3 Módulos desarrollados para docentes de los tres niveles educativos del país, quienes actúan como agentes multiplicadores del conocimiento metrológico. | E67: 4.3.1 Diseñar e implementar talleres de actualización docente en metrología para el nivel universitario. | F67: Lista de asistencia y presentación | H67: 1 | I67: 1 | J67: 1 | K67: 1 | L67: 1 | M67: DGE DM
E68: 4.3.2 Diseñar e implementar talleres de actualización docente en metrología para el nivel secundario. | F68: Lista de asistencia y presentación | H68: 1 | I68: 1 | J68: 1 | K68: 1 | L68: 1 | M68: DGE DM
E69: 4.3.3 Diseñar e implementar talleres de actualización docente en metrología para el nivel básico. | F69: Lista de asistencia y presentación | H69: 1 | I69: 1 | J69: 1 | K69: 1 | L69: 1 | M69: DGE DM
D70: 4.4 Alianzas estratégicas acordadas con instituciones académicas para el dictado de módulos especializados en materia metrológica. | E70: 4.4.1 Diseñar programas de formación especializada para estudiantes de grado (que incluye: fundamentos de metrología, incertidumbre, ISO/IEC 17025, validación de métodos, práctica de laboratorio) | F70: Contenido programático | G70: 1 | M70: DGE DM
E71: 4.4.2 Contactar instituciones académicas e identificar su interés para realizar alianzas con la Dirección de Metrología en el dictado de módulo especializado. | F71: Convenio de alianza | H71: 1 | J71: 1 | L71: 1 | M71: DGE DM
E72: 4.4.3 Facilitar módulos especializados con instituciones académicas aliadas. | F72: Lista de participantes | H72: 1 | I72: 1 | J72: 1 | K72: 1 | L72: 1 | M72: DGE DM
B74: 5. Fortalecimiento de las relaciones regionales e internacionales | C74: “Fortalecer el posicionamiento y las relaciones regionales e internacionales del INDOCAL en materia de metrología, aportando confianza en la infraestructura de la calidad en los mercados nacionales e internacionales”. | D74: 5.1 El INDOCAL es reconocido como actor que contribuye al fortalecimiento de la infraestructura regional de la calidad. | E74: 5.1.1 Postular dos especialistas de la Dirección de Metrología en grupos de trabajo del SIM. | F74: Dos especialistas elegidos como chairman de grupo de trabajo | J74: 1 | L74: 1 | M74: DGE DM
E75: 5.1.2 Organizar la Asamblea General del SIM | F75: Informe del evento | J75: 1 | M75: DGE DM DAD DFI DCO
D76: 5.2 El INDOCAL es reconocido como actor que contribuye al fortalecimiento de la infraestructura regional de la calidad. | E76: 5.2.1 Formalizar el laboratorio de energía eléctrica como referencia de laboratorio de referencia del Caribe (CARL) | F76: Documento de formalización | H76: 1 | M76: DGE DM
E77: 5.2.2 Liderar actividades de asistencia técnica regional en metrología legal. | F77: Informe de actividad | H77: 1 | J77: 1 | L77: 1 | M77: DGE DM DAD DPD/DCI
D78: 5.3 INDOCAL es reconocido como actor regional de I+D+i en el campo de la metrología. | E78: 5.3.1 Presentar trabajos técnicos en simposios y foros internacionales en materia de metrología científica, legal e industrial. | F78: Memoria del simposio | H78: 1 | J78: 1 | L78: 1 | M78: DGE DM DAD DPD/DCI
E79: 5.3.2 Publicar artículos científicos relacionados con los resultados de las investigaciones realizadas en la Dirección de Metrología | F79: Artículo publicado en revista arbitrada | H79: 1 | J79: 1 | L79: 1 | M79: DGE DM DAD DPD/DCI
E80: 5.3.3 Diseñar y elaborar un procedimiento para gestionar los proyectos de I+D+i | F80: Procedimiento documentado | G80: 1 | M80: DGE DM DAD DPD/DCI
E81: 5.3.4 Lograr el reconocimiento del INDOCAL por parte del MESCyT como institución de I+D+i | F81: Documento de formalización | J81: 1 | M81: DGE DM DAD DPD/DCI
B83: LISTADO DE CÓDIGOS DE ÁREAS DEL INDOCAL
B84: ÁREAS (Dirección General, Direcciones, Departamentos, Divisiones y Secciones) acorde a la Estructura Organizativa | C84: CÓDIGO ASIGNADO
B85: Dirección General | C85: DGE
B86: Dirección de Planificación y Desarrollo | C86: DPD
B87: Departamento de Cooperación Internacional | C87: DCI
B88: Dirección de Recursos Humanos | C88: DRH
B89: Dirección de Comunicaciones | C89: DCO
B90: Dirección de Tecnología de la Información y Comunicación | C90: DTI
B91: Dirección de Normalización | C91: DNO
B92: Dirección Administrativa | C92: DAD
B93: Dirección Financiera | C93: DFI
B94: Dirección de Metrología | C94: DM
B95: Laboratorio de Calibración | C95: LC
B96: Organismo de acreditación | C96: ODAC

Sheet Dashboard
A1: Dashboard de Seguimiento — Estrategia Nacional de Metrología 2027-2032
A3: INDOCAL | Plan Operativo 2027–2032 | Fuente: Hoja1
A5: Actividades | E5: Metas anuales | I5: Registros de avance | M5: Cobertura
A6: =COUNTA(Hoja1!$F$7:$F$81) -> 68 | E6: =COUNT(Hoja1!$G$7:$L$81) -> 190 | I6: =COUNT(Hoja1!$O$7:$T$81) -> 0 | M6: =IFERROR(COUNT(Hoja1!$O$7:$T$81)/COUNT(Hoja1!$G$7:$L$81),0) -> 0
A9: PANORAMA DE EJECUCIÓN
A27: Año | B27: Metas programadas | C27: Con avance | D27: Cobertura | F27: Eje estratégico | G27: Actividades | I27: CONTROL DE CALIDAD DEL PLAN
A28: 2027 | B28: =COUNT(Hoja1!$G$7:$G$81) -> 22 | C28: =COUNT(Hoja1!$O$7:$O$81) -> 0 | D28: =IFERROR(C28/B28,0) -> 0 | F28: 1. Fortalecimiento institucional | G28: =COUNTIFS(Hoja1!$E$7:$E$81,"1.*",Hoja1!$F$7:$F$81,"<>") -> 17 | I28: Actividades sin programación | N28: =COUNTIFS(Hoja1!$F$7:$F$81,"<>",Hoja1!$G$7:$G$81,"",Hoja1!$H$7:$H$81,"",Hoja1!$I$7:$I$81,"",Hoja1!$J$7:$J$81,"",Hoja1!$K$7:$K$81,"",Hoja1!$L$7:$L$81,"") -> 0
A29: 2028 | B29: =COUNT(Hoja1!$H$7:$H$81) -> 44 | C29: =COUNT(Hoja1!$P$7:$P$81) -> 0 | D29: =IFERROR(C29/B29,0) -> 0 | F29: 2. Capacidades metrológicas | G29: =COUNTIFS(Hoja1!$E$7:$E$81,"2.*",Hoja1!$F$7:$F$81,"<>") -> 17 | I29: Actividades sin proceso asociado | N29: =COUNTIFS(Hoja1!$F$7:$F$81,"<>",Hoja1!$N$7:$N$81,"") -> 68
A30: 2029 | B30: =COUNT(Hoja1!$I$7:$I$81) -> 28 | C30: =COUNT(Hoja1!$Q$7:$Q$81) -> 0 | D30: =IFERROR(C30/B30,0) -> 0 | F30: 3. Partes interesadas | G30: =COUNTIFS(Hoja1!$E$7:$E$81,"3.*",Hoja1!$F$7:$F$81,"<>") -> 14 | I30: Metas sin registro de avance | N30: =COUNT(Hoja1!$G$7:$L$81)-COUNT(Hoja1!$O$7:$T$81) -> 190
A31: 2030 | B31: =COUNT(Hoja1!$J$7:$J$81) -> 37 | C31: =COUNT(Hoja1!$R$7:$R$81) -> 0 | D31: =IFERROR(C31/B31,0) -> 0 | F31: 4. Cultura metrológica | G31: =COUNTIFS(Hoja1!$E$7:$E$81,"4.*",Hoja1!$F$7:$F$81,"<>") -> 12 | I31: Años sin cobertura de seguimiento | N31: =COUNTIF(D28:D33,0) -> 6
A32: 2031 | B32: =COUNT(Hoja1!$K$7:$K$81) -> 26 | C32: =COUNT(Hoja1!$S$7:$S$81) -> 0 | D32: =IFERROR(C32/B32,0) -> 0 | F32: 5. Relaciones internacionales | G32: =COUNTIFS(Hoja1!$E$7:$E$81,"5.*",Hoja1!$F$7:$F$81,"<>") -> 8
A33: 2032 | B33: =COUNT(Hoja1!$L$7:$L$81) -> 33 | C33: =COUNT(Hoja1!$T$7:$T$81) -> 0 | D33: =IFERROR(C33/B33,0) -> 0 | I33: Nota: el plan inicia en 2027; un 0% antes del inicio refleja que aún no se ha capturado ejecución.
A36: Uso recomendado: registre en Hoja1, columnas O:T, el avance real usando la misma unidad de cada meta programada en G:L. El dashboard se actualizará automáticamente.
